 Dungeon Crawl Stone Soup version 0.31-a0-233-g139696dc86 (webtiles) character file.

Game seed: 11868303054007574718

101 innerfire43 the Trooper (level 4, -2/37 HPs)
             Began as a Demonspawn Monk on July 9, 2023.
             Slain by an ogre
             ... wielding a +0 giant club
              (31 damage)
             ... on level 3 of the Dungeon.
             The game lasted 00:02:31 (2104 turns).

innerfire43 the Trooper (Demonspawn Monk)           Turns: 2104, Time: 00:02:31

Health: -2/37      AC:  7    Str: 14    XL:     4   Next: 48%
Magic:  4/4        EV: 13    Int: 17    God:
Gold:   250        SH:  0    Dex: 15    Spells: 3/3 levels left

rFire   . . .        a - +0 hand axe
rCold   . . .        d - orb {light}
rNeg    . . .        b - +0 robe
rPois   .            (no helmet)
rElec   .            (no cloak)
rCorr   .            (no gloves)
SInv    .            q - +0 pair of boots
Will    .....        l - amulet of faith
Stlth   +            m - +6 ring of intelligence
HPRegen 0.26/turn    n - +4 ring of protection
MPRegen 0.09/turn

%: faith
@: glowing
A: demonic magic 2
a: no special abilities


You were on level 3 of the Dungeon.
You visited 1 branch of the dungeon, and saw 3 of its levels.

You collected 250 gold pieces.

Inventory:

Hand Weapons
 a - a +0 hand axe (weapon)
Armour
 b - a +0 robe (worn)
 d - an orb of light (worn)
 q - a +0 pair of boots (worn)
Jewellery
 e - a ring of fire
 l - an amulet of faith (around neck)
 m - a +6 ring of intelligence (left hand)
 n - a +4 ring of protection (right hand)
Scrolls
 g - a scroll of noise {unknown}
 i - a scroll of blinking {unknown}
 k - a scroll of fog {unknown}
 r - a scroll of identify {unknown}
 s - a scroll of teleportation {unknown}
 t - a scroll of poison {unknown}
Potions
 c - a potion of ambrosia
 f - 2 potions of might {unknown}
 h - 2 potions of attraction {unknown}
 j - 3 potions of degeneration {unknown}
 o - a potion of brilliance {unknown}
 p - 2 potions of curing {unknown}
 u - a potion of mutation {unknown}


   Skills:
 + Level 3.8 Fighting
 * Level 3.7 Axes
 + Level 3.3 Dodging


You had 3 spell levels left.
You didn't know any spells.
Your spell library was empty.

Dungeon Overview and Level Annotations

Branches:
Dungeon (3/15)

Altars:
Dithmenos

Annotations:
D:3 1 runed translucent door


Innate Abilities, Weirdness & Mutations

Spells you cast may paralyse nearby enemies.


Message History

Items here: ††††.
You now have 250 gold pieces (gained 13).
You open the door.
A kobold comes into view. It is wielding a +0 club.
The kobold shouts!
You hit the kobold.
The kobold is severely wounded.
The kobold hits you but does no damage.
A kobold is nearby!
You barely miss the kobold.
The kobold is severely wounded.
The kobold closely misses you.
A kobold is nearby!
You hit the kobold.
You kill the kobold!
You see here a +0 club.
Found a shadowy altar of Dithmenos.
No target in view!
u - a lumpy ruby potion No target in view!
There is a shadowy altar of Dithmenos here.
An orc priest comes into view. It is wielding a +0 flail.
Found a sling.
An ogre and an orc come into view.
The ogre shouts!
The orc shouts!
The ogre moves out of view.
An orc comes into view. It is wielding a +0 hand axe.
The orc shouts!
The orc priest completely misses you.
You hit the ogre.
The ogre is lightly wounded.
You hit the orc priest. The ogre hits you with a +0 giant club!
The orc priest hits you with a +0 flail.
The orc priest misses you.
You hit the ogre.
The ogre is moderately wounded.
You hit the orc priest.
The ogre hits you with a +0 giant club!!
Ouch! That really hurt!
You die...

##..........#
#.......###)##### ###
#.P._.P.#.......###..
#.......#............
###....##............
#########.####..........
#.......#.#########.....
#.......#.......# #.....
......o@......... #.....
#......O#######.# #.....
#...)..o. # #.....
#......o.# #.#.....
#..../...# ........
#........# #..#....
#........# ..###...
#........# .##.##..
#.#...


You could see an ogre, an orc priest and 2 orcs.

Vanquished Creatures
  A gnoll (D:1)
  3 adders
  2 dart slugs
  An orc (D:2)
  4 endoplasms
  3 giant cockroaches
  3 goblins
  8 hobgoblins
  2 jackals (D:3)
  7 kobolds
  A quokka (D:3)
  5 ball pythons
  5 bats
  6 frilled lizards
  A jackal skeleton (D:3)
  6 rats
58 creatures vanquished.

Notes
Turn   | Place    | Note
-------+----------+-------------------------------------------
     0 | D:1      | innerfire43 the Demonspawn Monk began the quest for the
                  | Orb.
     0 | D:1      | Reached XP level 1. HP: 18/18 MP: 1/1
    71 | D:1      | Gained mutation: Spells you cast may paralyse adjacent
                  | enemies. [demonic ancestry]
    71 | D:1      | Reached XP level 2. HP: 11/24 MP: 2/2
   540 | D:1      | Reached XP level 3. HP: 22/29 MP: 3/3
  1496 | D:2      | Gained mutation: Spells you cast may paralyse nearby
                  | enemies. [demonic ancestry]
  1496 | D:2      | Reached XP level 4. HP: 36/37 MP: 4/4
  1932 | D:3      | Found a runed translucent door.
  1932 | D:3      | Noticed a human
  2086 | D:3      | Found a shadowy altar of Dithmenos.
  2101 | D:3      | Noticed an ogre
  2104 | D:3      | Slain by an ogre

Illustrated notes

Levels and vault maps discovered:
D:1:      dpeg_arrival_rooms_b, layout_loops_corners, roderic_three_in_a_row
D:2:      layout_rooms, minmay_split_cup_large
D:3:      layout_basic, dk_yredelemnul_ordeal, mainiacjoe_overflow_tiny_flanked,
          minmay_fractal_squares_gapless_5

Skill      XL: |  1  2 |
---------------+-------+-----
Axes           | 3 |  3.7
Dodging        | 3 |  3.3
Fighting       | |  3.8

Action                     |  1- 3 |  4- 6 || total
---------------------------+-------+-------++-------
  Melee: Hand axe          |   105 |    91 ||   196
 Armour: Robe              |    22 |    22 ||    44
  Dodge: Dodged            |    77 |    64 ||   141

Table legend: (Time is in decaauts)
 A = Elapsed time spent in this place.
 B = Non-inter-level travel time spent in this place.
 C = Inter-level travel time spent in this place.
 D = Time resting spent in this place.
 E = Time spent auto-exploring this place.
 F = Levels seen in this place.
 G = Mean time per level.
                   A        B        C        D        E       F      G
               +--------+--------+--------+--------+--------+-----+--------+
         Total |   2127 |   1998 |    129 |      0 |   1599 |   3 |  709.0 |
       Dungeon |   2127 |   1998 |    129 |      0 |   1599 |   3 |  709.0 |
               +--------+--------+--------+--------+--------+-----+--------+

Top non-repeatable levels by time:
     D:1: 1018 daAuts
     D:2: 725 daAuts
     D:3: 383 daAuts
